 Dungeon Crawl Stone Soup version 0.23-a0-726-g9fa1570 (console) character file.

130 Duffy the Chopper (level 5, -8/49 HPs)
             Began as a Naga Fighter on Jan 16, 2019.
             Blown up by Ijyb (19 damage)
             ... with a wand of disintegration (3)
             ... on level 3 of the Dungeon.
             The game lasted 00:02:33 (2453 turns).

Duffy the Chopper (Naga Fighter)                    Turns: 2453, Time: 00:02:34

Health: -8/49      AC:  5    Str: 18    XL:     5   Next: 13%
Magic:  5/5        EV:  5    Int: 10    God:
Gold:   162        SH:  9    Dex: 10    Spells: 4/4 levels left

rFire    . . .     SeeInvis +   a - +0 war axe
rCold    . . .     Gourm    .   c - +0 shield
rNeg     . . .     Faith    .   b - +0 scale mail
rPois    +         Spirit   .   (no helmet)
rElec    .         Reflect  .   (no cloak)
rCorr    .         Harm     .   (no gloves)
MR       .....                  (no barding)
Stlth    ..........             (no amulet)
HPRegen  0.16/turn              (no ring)
MPRegen  0.09/turn              (no ring)

@: short of breath, very slow
A: large, see invisible, deformed body, poison resistance, slowness 2, slow
metabolism 1, spit poison 1, AC +1
a: Spit Poison


You were on level 3 of the Dungeon.
You were not hungry.

You visited 1 branch of the dungeon, and saw 3 of its levels.

You collected 162 gold pieces.

Inventory:

Hand Weapons
 a - a +0 war axe (weapon)
 p - a +1 flail of crushing
Armour
 b - a +0 scale mail (worn)
 c - a +0 shield (worn)
Scrolls
 e - a scroll of enchant weapon {unknown}
 h - 3 scrolls of remove curse {unknown}
 j - 2 scrolls of immolation {unknown}
 k - 2 scrolls of identify {unknown}
 o - a scroll of random uselessness {unknown}
 q - a scroll of fear {unknown}
 s - a scroll of amnesia {unknown}
Potions
 d - 2 potions of might
 g - a potion of heal wounds {unknown}
 i - a potion of resistance {unknown}
 l - a potion of curing {unknown}
 m - a potion of flight {unknown}
 n - a potion of ambrosia {unknown}
Comestibles
 f - 5 rations


   Skills:
 - Level 3.0 Fighting
 + Level 3.9 Axes
 - Level 2.4 Armour
 + Level 3.7 Shields


You had 4 spell levels left.
You didn't know any spells.
Your spell library was empty.

Dungeon Overview and Level Annotations

Branches:
Dungeon (3/15)

Altars:
Qazlal

Annotations:
D:3 Ijyb


Innate Abilities, Weirdness & Mutations

You cannot wear boots.
Your serpentine skin is tough. (AC +1)
You have supernaturally acute eyesight. (SInv)
Armour fits poorly on your strangely shaped body.
Your system is resistant to poisons. (rPois)
You cover ground very slowly.
You have a slow metabolism.
You can spit poison.


Message History

Ijyb is severely wounded.
You have got your breath back.
Ijyb zaps a wand.
You are blasted!
Press: ? - help, Shift-Dir - straight line, f/p - Ijyb
Aim: Ijyb, wielding a +0 dagger, wearing a +0 ring mail and carrying a wand of disintegration (6) (severely wounded)
The splash of poison misses Ijyb.
You feel slightly more hungry.
Ijyb zaps a wand.
You are blasted!
You hit Ijyb but do no damage.
Ijyb is severely wounded.
Ijyb zaps a wand.
You struggle to resist.
You closely miss Ijyb.
Ijyb is severely wounded.
You have got your breath back.
Ijyb hits you but does no damage.
Ijyb zaps a wand.
You struggle to resist.
Press: ? - help, Shift-Dir - straight line, f/p - Ijyb
Aim: Ijyb, wielding a +0 dagger, wearing a +0 ring mail and carrying a wand of disintegration (3) (severely wounded)
The splash of poison hits Ijyb.
Ijyb appears unharmed.
Ijyb is severely wounded.
You feel slightly more hungry.
Ijyb zaps a wand.
You are blasted!
You die...

#..#.#.#.....###.#
#.
#................#
#. #.
#.#.%........#####
#.
...##.#..#.##.#.##
.[.......#.##.#.#
........##.##.#.#
................#
#####..###......#
#.. ######@# #..
#g# #.. .). #..
.#.#. #.. #.#.###
# ... ..# .##


You could see Ijyb.

Vanquished Creatures
  Terence (D:2)
  5 adders (D:2)
  An ooze (D:2)
  3 worms (D:2)
  2 dart slugs (D:1)
  A leopard gecko (D:2)
  3 bats
  5 giant cockroaches
  3 goblins (D:1)
  4 hobgoblins
  2 jackals (D:3)
  4 kobolds
  3 frilled lizards
  8 rats
45 creatures vanquished.

Notes
Turn   | Place    | Note
-------+----------+-------------------------------------------
     0 | D:1      | Duffy the Naga Fighter began the quest for the Orb.
     0 | D:1      | Reached XP level 1. HP: 21/21 MP: 1/1
   243 | D:1      | Reached XP level 2. HP: 28/28 MP: 2/2
   891 | D:1      | Reached XP level 3. HP: 22/34 MP: 3/3
  1193 | D:2      | Found a stormy altar of Qazlal.
  1578 | D:2      | Reached XP level 4. HP: 34/42 MP: 4/4
  1671 | D:2      | Noticed Terence
  1688 | D:2      | Killed Terence
  2095 | D:2      | Reached XP level 5. HP: 49/49 MP: 5/5
  2438 | D:3      | Noticed Ijyb
  2453 | D:3      | Blown up by Ijyb

Vault maps used:
D:1:      onia_arrival_larder
D:2:      grunt_qazlal_clouds, nicolae_underground_beach, uniq_terence
D:3:      first_ration, grunt_ministairs_15, uniq_ijyb

Skill      XL: |  1  2  3 |
---------------+----------+-----
Shields        | 3 |  3.7
Axes           | 3 |  3.9
Fighting       | |  3.0
Armour         | |  2.4

Action                   |  1- 3 |  4- 6 || total
-------------------------+-------+-------++-------
Melee: War axe           |    78 |    56 ||   134
 Abil: Spit Poison       |       |     8 ||     8
  Eat: Chunk             |       |     4 ||     4
Armor: Scale mail        |    31 |    18 ||    49
Dodge: Dodged            |    13 |     6 ||    19
Block: Shield            |    32 |    24 ||    56

Table legend:
 A = Non-vault XP
 B = Vault XP
 C = Vault XP percentage of total XP
 D = Non-vault monster count
 E = Vault monster count
 F = Vault count percentage of total count
                 A         B        C        D         E       F
            +---------+---------+-------+---------+---------+-------
      Total |     141 |      45 |  24.2 |      38 |       7 |  15.6
            +---------+---------+-------+---------+---------+-------
        D:1 |      30 |       9 |  23.1 |      15 |       6 |  28.6
        D:2 |     105 |      36 |  25.5 |      19 |       1 |   5.0
        D:3 |       6 |       0 |   0.0 |       4 |       0 |   0.0
            +---------+---------+-------+---------+---------+-------
